 Dungeon Crawl Stone Soup version 0.24-a0-365-ga4d96b6e6e (console) character file.

Game seed: 2168582118666053618

809 Lexodia the Covert (level 7, -5/48 HPs)
             Began as a Vampire Enchanter on May 27, 2019.
             Slain by a bullfrog (7 damage)
             ... in a sewer.
             The game lasted 00:14:26 (4801 turns).

Lexodia the Covert (Vampire Enchanter)              Turns: 4801, Time: 00:14:27

Health: -5/48      AC:  5    Str: 13    XL:     7   Next: 61%
Magic:  1/13       EV: 14    Int: 18    God:
Gold:   84         SH:  0    Dex: 16    Spells: 8/14 levels left

rFire    . . .     SeeInvis +   a - +2 dagger
rCold    + + .     Gourm    .   (no shield)
rNeg     + + +     Faith    .   b - +0 robe
rPois    ∞         Spirit   .   (no helmet)
rElec    .         Reflect  .   o - +2 cloak
rCorr    .         Harm     .   (no gloves)
MR       .....                  (no boots)
Stlth    ++++++....             (no amulet)
HPRegen  0.00/turn              k - ring of see invisible
MPRegen  0.13/turn              g - +6 ring of strength

@: bloodless, non-regenerating
A: fangs 3, see invisible, unbreathing
a: Bat Form


You were in a sewer.
You were bloodless.

You visited 1 branch of the dungeon, and saw 4 of its levels.
You also visited: Sewer.

You collected 84 gold pieces.

Inventory:

Hand Weapons
 a - a +2 dagger (weapon)
Armour
 b - a +0 robe (worn)
 j - a scarf of resistance
 o - a +2 cloak (worn)
Jewellery
 g - a +6 ring of strength (right hand)
 k - a ring of see invisible (left hand)
Wands
 p - a wand of acid (10)
Scrolls
 e - 2 scrolls of identify
 h - a scroll of immolation {unknown}
Potions
 c - a potion of brilliance {unknown}
 d - 30 potions of blood
 f - 2 potions of berserk rage
 i - 3 potions of lignification
 l - a potion of heal wounds {unknown}
 m - a potion of ambrosia {unknown}
 n - a potion of cancellation {unknown}


   Skills:
 - Level 1.3 Fighting
 * Level 3.5 Short Blades
 - Level 3.4 Dodging
 + Level 8.3 Stealth
 - Level 4.0 Spellcasting
 + Level 6.5 Hexes
 - Level 2.1 Ice Magic


You had 8 spell levels left.
You knew the following spells:

 Your Spells              Type           Power        Failure   Level  Hunger
a - Corona                Hex            ####...      1%          1    None
b - Ensorcelled Hibernat  Hex/Ice        ###...       3%          2    ##.....
c - Confuse               Hex            ####....     3%          3    ###....

Your spell library contained the following spells:

 Spells                   Type           Power        Failure   Level  Hunger
 Tukima's Dance           Hex            ####....     3%          3    ###....
 Dazzling Spray           Conj/Hex       ###...       12%         3    ###....


Dungeon Overview and Level Annotations

Branches:
Dungeon (4/15)
 Temple: D:4-7

Altars:
Vehumet


Innate Abilities, Weirdness & Mutations

You do not heal naturally.
You are immune to poison.
You have razor-sharp teeth.
You have supernaturally acute eyesight. (SInv)
You can survive without breathing.


Message History

a frilled lizard corpse x2; a giant cockroach corpse; a bullfrog corpse Damage: -4%(-2hp) hp: 36%(17hp)
You miss the frilled lizard. Your bite misses the frilled lizard.
The bullfrog hits you. The frilled lizard bites you.
* * * LOW HITPOINT WARNING * * *
Damage: -6%(-3hp) hp: 30%(14hp) Unknown command.
You hit the frilled lizard but do no damage.
You bite the frilled lizard.
You kill the frilled lizard!
The bullfrog closely misses you.
You hit the bullfrog.
The bullfrog is lightly wounded.
The bullfrog hits you.
* * * LOW HITPOINT WARNING * * *
The bullfrog hits you!
* * * LOW HITPOINT WARNING * * *
Huge Dmg: -25%(-12hp) hp: 5%(2hp)
The bullfrog hits you!
You die...

≈≈#≈≈## ##≈.#≈≈≈#..#
≈##≈≈# #.≈###≈#≈.#
≈#..##≈≈.≈≈.≈##.≈≈#.#≈≈#
≈#≈≈#≈≈≈≈≈≈≈≈≈#≈≈∩#≈#≈≈#
≈#..#≈≈..≈≈≈≈≈#≈≈≈#.#.≈#
≈#≈≈#≈.≈$.≈≈≈≈#≈≈##≈#≈.#
.#.≈#≈≈.?!≈≈l.#.≈#≈≈#.≈#
≈#≈≈#≈≈..().l≈#.≈#≈≈#≈≈#
≈#≈≈##≈≈..≈.≈##F@#≈.÷.†#
≈##≈≈#≈.≈..≈.≈≈†.#≈≈.≈≈#
≈.#≈≈##≈≈.≈.≈≈≈###≈≈.≈.#
≈.#≈..##≈≈≈.≈###≈#######
≈≈##÷≈≈#######≈≈≈..#
.≈≈#≈≈.≈.≈≈≈≈≈≈≈≈≈.#
#÷.##≈≈≈≈≈≈≈≈.##≈≈##
#.≈≈##≈.≈≈≈≈≈##≈≈##
#≈≈..###≈≈.###.≈≈#


You could see a bullfrog.

Vanquished Creatures
  Sigmund (D:2)
  An ogre (D:3)
  A bullfrog (Sewer)
  Crazy Yiuf (D:2)
  An orc priest (D:3)
  Natasha (thrice) (D:2)
  An orc wizard (D:2)
  13 adders
  3 gnolls (D:3)
  8 oozes
  2 worms (D:3)
  A dart slug (D:1)
  10 leopard geckos
  5 orcs
  9 bats
  21 giant cockroaches
  4 goblins
  7 hobgoblins
  13 jackals
  A quokka (D:2)
  11 ball pythons (Sewer)
  16 frilled lizards
  7 kobolds
  6 rats
146 creatures vanquished.

Notes
Turn   | Place    | Note
-------+----------+-------------------------------------------
     0 | D:1      | Lexodia the Vampire Enchanter began the quest for the Orb.
     0 | D:1      | Reached XP level 1. HP: 13/13 MP: 3/3
     4 | D:1      | Noticed an octopode
     4 | D:1      | Noticed a vampire
     6 | D:1      | Noticed a spriggan
     6 | D:1      | Noticed an elf
     8 | D:1      | Noticed a ghoul
    10 | D:1      | Noticed a merfolk
    10 | D:1      | Noticed a felid
    12 | D:1      | Noticed a gargoyle
    12 | D:1      | Noticed a dwarf
    14 | D:1      | Noticed a halfling
    14 | D:1      | Noticed a vine stalker
    16 | D:1      | Noticed a troll
    16 | D:1      | Noticed a draconian
    18 | D:1      | Noticed an ogre
    18 | D:1      | Noticed a formicid
    20 | D:1      | Noticed a demonspawn
    22 | D:1      | Noticed a human
    22 | D:1      | Noticed a minotaur
    24 | D:1      | Noticed a naga
    24 | D:1      | Noticed a centaur
    26 | D:1      | Noticed a demigod
    26 | D:1      | Noticed a tengu
   109 | D:1      | Huge Dmg: 3 dmg
   120 | D:1      | Reached XP level 2. HP: 6/19 MP: 5/5
   145 | D:1      | Huge Dmg: 2 dmg
   723 | D:1      | Reached XP level 3. HP: 22/24 MP: 6/6
   790 | D:1      | Huge Dmg: 5 dmg
   792 | D:1      | Huge Dmg: 3 dmg
   810 | D:1      | Learned a level 2 spell: Ensorcelled Hibernation
   814 | D:1      | Learned a level 3 spell: Confuse
  2149 | D:2      | Reached skill level 5 in Stealth
  2258 | D:2      | Noticed Natasha
  2265 | D:2      | Killed Natasha
  2265 | D:2      | Reached skill level 5 in Hexes
  2265 | D:2      | Reached XP level 4. HP: 31/31 MP: 5/7
  2483 | D:2      | Noticed Sigmund
  2484 | D:2      | Noticed Natasha
  2490 | D:2      | Huge Dmg: 10 dmg
  2491 | D:2      | Huge Dmg: 14 dmg
  2492 | D:2      | Killed Sigmund
  2492 | D:2      | Reached skill level 6 in Stealth
  2492 | D:2      | Reached skill level 1 in Ice Magic
  2492 | D:2      | Reached XP level 5. HP: 11/36 MP: 3/9
  2494 | D:2      | Killed Natasha
  2494 | D:2      | Reached XP level 6. HP: 19/42 MP: 1/10
  2583 | D:2      | Noticed Natasha
  2587 | D:2      | Killed Natasha
  2587 | D:2      | Reached skill level 7 in Stealth
  3016 | D:2      | Found a runed translucent door.
  3017 | D:2      | Noticed Crazy Yiuf
  3024 | D:2      | Huge Dmg: 15 dmg
  3025 | D:2      | Huge Dmg: 9 dmg
  3026 | D:2      | Huge Dmg: 6 dmg
  3027 | D:2      | Killed Crazy Yiuf
  3126 | D:3      | Reached skill level 1 in Fighting
  3308 | D:3      | Reached XP level 7. HP: 42/48 MP: 6/12
  3661 | D:3      | Found a radiant altar of Vehumet.
  3788 | D:3      | Found a glowing drain.
  3810 | Sewer    | Entered a sewer
  4124 | Sewer    | Reached skill level 8 in Stealth
  4793 | Sewer    | Huge Dmg: 7 dmg
  4800 | Sewer    | HP: 2/48 [bullfrog (7)]
  4801 | Sewer    | Huge Dmg: 12 dmg
  4801 | Sewer    | Slain by a bullfrog

Levels and vault maps discovered:
D:1:      kb_arrival_jail, layout_basic
D:2:      layout_loops_ring, uniq_crazy_yiuf_cottage, uniq_natasha, uniq_sigmund
D:3:      layout_rooms, vehumet_crystals, gup_sewer_entry_bubbles,
          glass_columns_a, minmay_misc_feat_rugged
D:4:      layout_cave_pools, serial_column_ruins, column_ruins_hut,
          column_ruins_grid_1, column_ruins_grid_1, column_ruins_grid_2,
          column_ruins_corridor_straight, column_ruins_open_small,
          column_ruins_open_medium, first_ration
Sewer:    sewer_frog_island_02

Skill      XL: |  1  2  3  4  5  6  7 |
---------------+----------------------+-----
Short Blades   | 2 3 |  3.5
Stealth        | 5 6 7 8 |  8.3
Hexes          | 5 6 |  6.5
Ice Magic      | 1 2 |  2.1
Spellcasting   | 3 4 |  4.0
Dodging        | 3 |  3.4
Fighting       | 1 |  1.3

Action                   |  1- 3 |  4- 6 |  7- 9 || total
-------------------------+-------+-------+-------++-------
Melee: Dagger            |   111 |    89 |   174 ||   374
       Bite              |     8 |     5 |     7 ||    20
 Cast: Corona            |    10 |     1 |     1 ||    12
       Ensorcelled Hiber |     6 |    29 |    75 ||   110
  Use: Potion            |       |     3 |     1 ||     4
       Scroll            |       |       |     5 ||     5
 Stab: Sleeping          |     7 |    26 |    55 ||    88
       Distracted        |       |     1 |       ||     1
Armor: Robe              |    30 |    15 |    66 ||   111
Dodge: Dodged            |    83 |    56 |   229 ||   368

Table legend:
 A = Non-vault XP
 B = Vault XP
 C = Vault XP percentage of total XP
 D = Non-vault monster count
 E = Vault monster count
 F = Vault count percentage of total count
                 A         B        C        D         E       F
            +---------+---------+-------+---------+---------+-------
      Total |     501 |     656 |  56.7 |      79 |      67 |  45.9
            +---------+---------+-------+---------+---------+-------
        D:1 |      48 |       0 |   0.0 |      20 |       0 |   0.0
        D:2 |     174 |     307 |  63.8 |      35 |       3 |   7.9
        D:3 |     279 |      31 |  10.0 |      24 |       7 |  22.6
      Sewer |       0 |     318 | 100.0 |       0 |      57 | 100.0
            +---------+---------+-------+---------+---------+-------
